 Dungeon Crawl Stone Soup version 0.28-a0-863-g8cecda6153 (webtiles) character file.

Game seed: 16626654552368992022

2438 ders the Destroyer (level 9, -1/45 HPs)
             Began as a Gargoyle Earth Elementalist on Nov 16, 2021.
             Slain by a necrophage (2 damage)
             ... on level 7 of the Dungeon.
             The game lasted 00:11:03 (7326 turns).

ders the Destroyer (Gargoyle Earth Elementalist)    Turns: 7326, Time: 00:11:04

Health: -1/45      AC: 11    Str: 11    XL:     9   Next: 49%
Magic:  5/17       EV: 11    Int: 20    God:
Gold:   270        SH:  0    Dex: 10    Spells: 15/19 levels left

rFire   . . .      SeeInvis +   h - +0 dagger (vorpal)
rCold   . . .      Faith    .   (no shield)
rNeg    + . .      Spirit   .   j - +0 steam dragon scales
rPois   ∞          Reflect  .   (no helmet)
rElec   +          Harm     .   (no cloak)
rCorr   .          Rampage  .   (no gloves)
Will    .....                   (no boots)
Stlth   ++........              u - amulet of the acrobat
HPRegen 0.15/turn               l - ring of see invisible
MPRegen 0.15/turn               (no ring)

@: no status effects
A: sickness immunity, AC +6, negative energy resistance 1, electricity
resistance, torment resistance 1, petrification resistance
a: no special abilities


You were on level 7 of the Dungeon.
You visited 1 branch of the dungeon, and saw 8 of its levels.

You collected 270 gold pieces.

Inventory:

Hand Weapons
 h - a +0 vorpal dagger (weapon)
Armour
 b - a +1 robe
 j - +0 steam dragon scales (worn)
Jewellery
 l - a ring of see invisible (left hand)
 u - an amulet of the acrobat (around neck)
Wands
 c - a wand of iceblast (8)
Scrolls
 e - a scroll of brand weapon
 f - 3 scrolls of identify
Potions
 d - a potion of might {unknown}
 g - a potion of degeneration {unknown}
 i - a potion of heal wounds {unknown}
 k - 2 potions of berserk rage
 m - a potion of ambrosia {unknown}
 p - a potion of haste
 q - a potion of flight {unknown}
 r - a potion of experience {unknown}
 t - a potion of attraction {unknown}


   Skills:
 - Level 1.5 Dodging
 - Level 2.1 Stealth
 + Level 5.5 Spellcasting
 * Level 8.2 Conjurations
 + Level 4.7 Transmutations
 + Level 7.8 Earth Magic


You had 15 spell levels left.
You knew the following spells:

 Your Spells              Type           Power      Damage    Failure   Level
a - Sandblast             Erth           74%        2d16      1%          1
b - Stone Arrow           Conj/Erth      74%        3d11      1%          3

Your spell library contained the following spells:

 Spells                   Type           Power      Damage    Failure   Level
 Magic Dart               Conj           100%       1d8       1%          1
 Passwall                 Tmut/Erth      25%        N/A       1%          2
 Searing Ray              Conj           76%        2d7       1%          2
 Petrify                  Tmut/Erth      30%        N/A       9%          4
 Animate Skeleton         Necr           10%        N/A       11%         1
 Apportation              Tloc           10%        N/A       11%         1
 Freeze                   Ice            20%        1d4       11%         1
 Summon Small Mammal      Summ           20%        N/A       11%         1
 Fulminant Prism          Conj/Hex       10%        3d9       21%         4
 Hailstorm                Conj/Ice       21%        3d6       21%         4
 Frozen Ramparts          Ice            10%        1d3       32%         3


Dungeon Overview and Level Annotations

Branches:
Dungeon (8/15)             Temple (0/1) D:6
   Lair: D:8-11

Altars:
Cheibriados
Dithmenos
Elyvilon
Nemelex Xobeh
Sif Muna
Trog
Uskayaw
Yredelemnul

Shops:
D:1 [   D:4 :

Annotations:
D:6 Prince Ribbit


Innate Abilities, Weirdness & Mutations

You are immune to sickness and miasma.
Your stone body is resilient. (AC +6)
You are immune to poison.
You resist negative energy. (rN+)
You are resistant to electric shocks. (rElec)
You are resistant to unholy torment.
You are immune to petrification.


Message History

Aim: an orc priest, wielding a +0 short sword (74% to hit)
The stone arrow hits the orc priest!
The orc priest is severely wounded.
An adder comes into view.
Unknown command.
The orc priest miscasts a cantrip.
The orc priest miscasts a cantrip.
The orc priest calls down the wrath of Beogh upon you.
Pain shoots through your body!
The orc priest invokes the aid of Beogh against you.
Beogh smites you!
Found 26 arrows.
The orc priest calls down the wrath of Beogh upon you.
Beogh smites you!
The orc priest invokes the aid of Beogh against you.
Beogh smites you!
* * * LOW HITPOINT WARNING * * *
Blink to where?
Press: ? - help, Dir - move target, p - orc priest
Found 9 gold pieces and a hand axe.
As you read the scroll of blinking, it crumbles to dust.
You feel better. 2 orcs come into view.
The orc shouts!
A bullfrog comes into view.
An orc priest comes into view. It is wielding a +0 hand axe.
An orc wizard comes into view. It is wielding a +0 dagger.
An orc comes into view. It is wielding a +0 club.
Found 13 gold pieces.
Blink to where?
Press: ? - help, Dir - move target A necrophage comes into view.
As you read the scroll of blinking, it crumbles to dust.
The orc priest shouts!
The orc shouts!
You feel better.
The orc priest calls down the wrath of Beogh upon you.
Beogh smites you!
* * * LOW HITPOINT WARNING * * *
The necrophage hits you.
You die...

#....### #..........
#[#g...# ##$....?...
#.#.#..#### ##......:
#.#.#.....#### ..#.#
#.#o#.###....#..#...###
#.#g#.####.....##.....##
#.#.#..# #.##..#.......#
#.#)##.###.# #..n.......
#.#.#....g.# #..@.......
#..g...##### #..........
#.#.##.......##.........
#.#.########.#..........
..#.# #............
..#.# #........o.. ....#
#######....$...o....o
....#
#....##.#§.....Fo..o.
..#.###....#
#..........o.


You could see a necrophage, a bullfrog (wandering), an orc priest, an orc wizard
and an orc.

Vanquished Creatures
  Maggie (D:5)
  A wyvern (D:7)
  Sigmund (D:3)
  A steam dragon (D:7)
  2 water moccasins (D:7)
  A black bear (D:4)
  4 ogres
  3 phantoms
  A bullfrog (D:7)
  2 scorpions (D:5)
  A water moccasin skeleton (D:5)
  A bullfrog zombie (D:5)
  A centaur skeleton (D:4)
  3 jellies
  2 hounds
  2 orc priests
  3 iguanas
  A hound skeleton (D:4)
  Robin (D:3)
  8 gnolls
  8 adders
  A white imp (D:4)
  3 ufetubi
  3 worms
  2 dart slugs
  18 orcs
  5 ball pythons
  6 bats
  7 endoplasms
  A giant cockroach (D:1)
  13 goblins
  12 hobgoblins
  6 kobolds
  9 quokkas
  2 frilled lizards (D:2)
  3 rats
139 creatures vanquished.

Notes
Turn   | Place    | Note
-------+----------+-------------------------------------------
     0 | D:1      | ders the Gargoyle Earth Elementalist began the quest for
                  | the Orb.
     0 | D:1      | Reached XP level 1. HP: 10/10 MP: 3/3
    88 | D:1      | Found Zeotyos's Antique Armour Shop.
   163 | D:1      | Reached skill level 1 in Transmutations
   244 | D:1      | Reached XP level 2. HP: 15/15 MP: 3/5
   588 | D:1      | Found a faded altar of an unknown god.
   672 | D:1      | Reached XP level 3. HP: 17/19 MP: 0/6
  1631 | D:2      | Learned a level 3 spell: Stone Arrow
  1982 | D:3      | Found a sparkling altar of Nemelex Xobeh.
  1994 | D:3      | Noticed a +0 short sword
  1996 | D:3      | Noticed a +0 spear
  1998 | D:3      | Noticed a +0 falchion
  1998 | D:3      | Noticed a +0 short sword
  1999 | D:3      | Noticed a +0 dagger
  1999 | D:3      | Noticed a +0 spear
  2000 | D:3      | Noticed a +0 dagger
  2000 | D:3      | Noticed a +0 falchion
  2008 | D:3      | Found a hide-covered altar of Uskayaw.
  2017 | D:3      | Noticed Sigmund
  2031 | D:3      | Killed Sigmund
  2032 | D:3      | Reached skill level 2 in Conjurations
  2032 | D:3      | Reached XP level 4. HP: 24/24 MP: 0/8
  2032 | D:3      | Reached XP level 5. HP: 28/28 MP: 0/9
  2043 | D:3      | Reached skill level 5 in Earth Magic
  2447 | D:3      | Reached XP level 6. HP: 32/32 MP: 4/10
  2626 | D:3      | Reached skill level 3 in Conjurations
  2731 | D:3      | Noticed Robin
  2787 | D:3      | Killed Robin
  3265 | D:4      | Noticed a black bear
  3492 | D:4      | Found a white marble altar of Elyvilon.
  3495 | D:4      | Found a snail-covered altar of Cheibriados.
  3499 | D:4      | Found a bloodstained altar of Trog.
  3531 | D:4      | Killed a black bear
  3532 | D:4      | Reached skill level 4 in Conjurations
  3532 | D:4      | Reached XP level 7. HP: 36/36 MP: 5/12
  3729 | D:4      | Found Ehohad's Self-Improvement Boutique.
  4495 | D:5      | Entered Level 5 of the Dungeon
  4563 | D:4      | Reached skill level 5 in Conjurations
  4805 | D:5      | Reached XP level 8. HP: 41/41 MP: 7/14
  4872 | D:5      | Found a basalt altar of Yredelemnul.
  5378 | D:5      | Reached skill level 6 in Conjurations
  5927 | D:5      | Found a shimmering blue altar of Sif Muna.
  6160 | D:6      | Noticed Maggie
  6160 | D:6      | Found a shadowy altar of Dithmenos.
  6174 | D:5      | Killed Maggie
  6175 | D:5      | Reached skill level 7 in Conjurations
  6301 | D:5      | Reached skill level 5 in Spellcasting
  6301 | D:5      | Reached XP level 9. HP: 36/45 MP: 6/16
  6495 | D:6      | Noticed Prince Ribbit
  6512 | D:6      | Found a staircase to the Ecumenical Temple.
  6970 | D:7      | Reached skill level 8 in Conjurations
  7314 | D:7      | HP: 1/45 [orc priest/divine providence (13)]
  7326 | D:7      | HP: 1/45 [orc priest/divine providence (12)]
  7326 | D:7      | Slain by a necrophage

Illustrated notes

Levels and vault maps discovered:
D:1:      minmay_arrival_glassed_features, layout_loops_ring, serial_shops,
          shop, shapermc_ecumenical_altar_venn
D:2:      layout_loops_cross
D:3:      layout_loops_ring, mainiacjoe_overflow_alcove_2,
          nicolae_uskayaw_en_pointe, ebering_dispersal_statue_hall,
          grunt_ministairs_9, uniq_sigmund, uniq_robin
D:4:      layout_loops_ring, grunt_temple_overflow_diamond,
          nicolae_shop_self_help
D:5:      layout_gridville, kennysheep_orc_sif_temple,
          nicolae_overflow_hidden_temple
D:6:      layout_basic, minmay_temple_entry_from_below_a, nrook_loot_triangle,
          minmay_ruined_shrine, uniq_prince_ribbit1, uniq_maggie
D:7:      layout_rooms, guppyfry_shop_venom
D:8:      layout_basic, nicolae_ossuary_entry_ruins

Skill      XL: |  1  2  3  4  5  6  7  8  9 |
---------------+----------------------------+-----
Transmutations | 1 2 3 4 |  4.7
Earth Magic    | 4 5 6 7 |  7.8
Spellcasting   | 3 4 5 |  5.5
Conjurations   | 2 4 5 7 8 |  8.2
Dodging        | |  1.5
Stealth        | |  2.1

Action                   |  1- 3 |  4- 6 |  7- 9 || total
-------------------------+-------+-------+-------++-------
Melee: Unarmed           |    17 |       |       ||    17
       Dagger            |       |     5 |     2 ||     7
 Cast: Sandblast         |    55 |    55 |    55 ||   165
       Stone Arrow       |     1 |     3 |    74 ||    78
  Use: Scroll            |       |       |    11 ||    11
       Potion            |       |       |     5 ||     5
Armor: Robe              |    15 |     8 |    18 ||    41
       Steam dragon scal |       |       |    32 ||    32
Dodge: Dodged            |    32 |    17 |   111 ||   160

Table legend: (Time is in decaauts)
 A = Elapsed time spent in this place.
 B = Non-inter-level travel time spent in this place.
 C = Inter-level travel time spent in this place.
 D = Time resting spent in this place.
 E = Time spent auto-exploring this place.
 F = Levels seen in this place.
 G = Mean time per level.
                   A        B        C        D        E       F      G
               +--------+--------+--------+--------+--------+-----+--------+
         Total |   7317 |   6987 |    330 |   2619 |   3328 |   8 |  914.6 |
       Dungeon |   7317 |   6987 |    330 |   2619 |   3328 |   8 |  914.6 |
               +--------+--------+--------+--------+--------+-----+--------+

Top non-repeatable levels by time:
     D:5: 1823 daAuts
     D:3: 1369 daAuts
     D:4: 1333 daAuts
     D:1: 1140 daAuts
     D:7: 794 daAuts
     D:2: 757 daAuts
     D:6: 96 daAuts
     D:8: 2 daAuts
